 Dungeon Crawl Stone Soup version 0.25-a0-731-g0472a16d6a (webtiles) character file.

Game seed: 14313903882741055750, levelgen mode: deterministic

6953 MisterFreud the Grappler (level 10, -5/96 HPs)
             Began as a Troll Hunter on Apr 8, 2020.
             Was a Believer of Ru.
             Slain by a two-headed ogre
             ... wielding a +0 giant spiked club
              (14 damage)
             ... on level 10 of the Dungeon.
             The game lasted 00:18:19 (7933 turns).

MisterFreud the Grappler (Troll Hunter)             Turns: 7933, Time: 00:18:20

Health: -5/96      AC:  9    Str: 24    XL:     10   Next: 80%
Magic:  12/12      EV: 12    Int:  7    God:    Ru [**....]
Gold:   557        SH:  0    Dex: 11    Spells: 9/9 levels left

rFire    + . .     SeeInvis .     - Unarmed
rCold    . . .     Gourm    +   (no shield)
rNeg     + . .     Faith    .   G - +2 robe {MR+}
rPois    .         Spirit   .   (helmet restricted)
rElec    .         Reflect  .   z - +0 cloak
rCorr    .         Harm     .   (gloves unavailable)
MR       +....                  (boots unavailable)
Stlth    +.........             j - amulet of rage
HPRegen  0.66/turn              p - ring of protection from fire
MPRegen  0.13/turn              I - ring of positive energy

@: no status effects
A: large, unfitting armour, claws 3, fast metabolism 3, gourmand, regeneration
1, shaggy fur 1, tough skin 3, unskilled 1, missing an eye
a: Renounce Religion, Evoke Berserk Rage


You were on level 10 of the Dungeon.
You worshipped Ru.
Ru was pleased with you.
You were not hungry.

You visited 2 branches of the dungeon, and saw 11 of its levels.

You collected 557 gold pieces.

Inventory:

Missiles
 c - 6 large rocks (quivered)
 d - 3 throwing nets
 u - 3 silver javelins
 y - 4 boomerangs
 J - 2 javelins
Armour
 b - a +0 robe
 n - a scarf of cloud immunity
 z - a +0 cloak (worn)
 G - a +2 robe of magic resistance (worn)
Jewellery
 a - an uncursed ring of flight
 j - an amulet of rage (around neck)
 p - a ring of protection from fire (left claw)
 r - an uncursed amulet of magic regeneration
 I - a ring of positive energy (right claw)
Wands
 D - a wand of iceblast (10)
 P - a wand of polymorph (8)
Scrolls
 e - 3 scrolls of teleportation
 h - 3 scrolls of immolation {unknown}
 i - 3 scrolls of amnesia
 k - 8 scrolls of remove curse
 l - 3 scrolls of fear {unknown}
 o - 2 scrolls of fog {unknown}
 t - 3 scrolls of blinking {unknown}
 w - 3 scrolls of enchant armour {unknown}
 H - a scroll of torment {unknown}
 M - a scroll of noise {unknown}
Potions
 g - 2 potions of might
 m - a potion of stabbing
 s - 2 potions of flight
 v - a potion of invisibility
 x - 2 potions of brilliance
 C - 4 potions of mutation
 E - a potion of ambrosia
 K - a potion of cancellation
 L - a potion of magic {unknown}
Comestibles
 f - 37 rations


   Skills:
 + Level 5.5 Fighting
 + Level 6.7 Throwing
 + Level 5.5 Dodging
 - Level 0.3 Stealth
 + Level 8.3 Unarmed Combat
 - Level 4.5 Evocations


You had 9 spell levels left.
You didn't know any spells.
Your spell library contained the following spells:

 Spells                   Type           Power        Failure   Level  Hunger
 Bolt of Magma            Conj/Fire/Erth #.........   100%        5    ######.
 Iskenderun's Battlesphe  Conj/Chrm      #.......     100%        5    ######.
 Iron Shot                Conj/Erth      #.........   100%        6    #######
 Orb of Destruction       Conj           #.........   100%        7    #######
 Spellforged Servitor     Conj/Summ      #.........   100%        7    #######


Dungeon Overview and Level Annotations

Branches:
Dungeon (10/15)            Temple (1/1) D:6            Lair (0/6) D:10
    Orc (0/2) D:10

Altars:
Ashenzari
Cheibriados
Dithmenos
Elyvilon
Fedhas
Gozag
Hepliaklqana
Kikubaaqudgha
Makhleb
Nemelex Xobeh
Okawaru
Qazlal
Ru
Sif Muna
Trog
Uskayaw
Vehumet
Wu Jian
Xom
Yredelemnul
Zin
The Shining One

Shops:
D:4 (   D:6 (   D:10 ([


Innate Abilities, Weirdness & Mutations

You are too large for most types of armour.
You have claws for hands.
Your metabolism is lightning-fast.
You like to eat raw meat.
Your natural rate of healing is unusually fast.
You are covered in fur. (AC +1)
You have extremely tough skin. (AC +3)
You are somewhat unskilled. (-1 Apt)
You are missing an eye, making it more difficult to aim.


Message History

The worker ant closely misses you.
You scratch the bullfrog.
The bullfrog is lightly wounded.
The bullfrog hits you. The worker ant barely misses you.
The two-headed ogre hits you with a +0 giant spiked club!!
* * * LOW HITPOINT WARNING * * *
The two-headed ogre hits you but does no damage.
The bullfrog hits you.
* * * LOW HITPOINT WARNING * * *
Okay, then.
You scratch the bullfrog.
The bullfrog is moderately wounded.
The worker ant bites you.
* * * LOW HITPOINT WARNING * * *
The bullfrog hits you but does no damage.
You miss the bullfrog.
The bullfrog is moderately wounded.
The worker ant barely misses you. The bullfrog closely misses you.
The two-headed ogre hits you with a +0 giant spiked club!
You die...

#..#
#####....
#.## ##.....
#.# #......
#.#
######..#...
##.#
#........###
#..#
#........#
##.##
#........#
#aO#
##########
#@## #F# #.#
#.# ..# .##
. .#


You could see a two-headed ogre, a bullfrog and a worker ant.

Vanquished Creatures
  A two-headed ogre (D:8)
  Pikel (D:5)
  A kobold demonologist (D:8)
  A queen bee (D:9)
  A troll (D:10)
  Sigmund (D:2)
  4 yaks
  Eustachio (D:5)
  A hungry ghost (D:8)
  Duvessa (D:4)
  3 orc warriors
  A black bear (D:8)
  A sky beast (D:10)
  A phantom (D:6)
  6 ogres
  A centaur (D:10)
  3 big kobolds
  2 scorpions
  22 killer bees (D:9)
  4 wights (D:6)
  A centaur zombie (D:7)
  5 crimson imps
  2 bullfrog zombies
  3 hounds
  3 jellies
  A bullfrog skeleton (D:6)
  5 orc priests
  4 orc wizards
  5 iguanas
  Jessica (D:2)
  4 worker ants
  A hound zombie (D:6)
  A hound skeleton (D:6)
  A howler monkey zombie (D:5)
  3 worker ant zombies
  3 gnolls (D:4)
  7 river rats (D:6)
  7 adders
  A shadow imp (D:6)
  3 oozes
  An adder zombie (D:9)
  An adder skeleton (D:8)
  5 worms
  A dart slug (D:1)
  7 leopard geckos
  15 orcs
  7 bats
  4 giant cockroaches
  8 goblins
  10 hobgoblins
  13 jackals
  10 quokkas
  4 ball pythons
  7 frilled lizards
  20 kobolds
  2 quokka skeletons
  A quokka zombie (D:6)
  23 rats
257 creatures vanquished.

Vanquished Creatures (others)
  A yak (D:10)
  2 slaves (D:4)
  A centaur (D:9)
  Dowan (D:4)
  6 orcs (D:4)
11 creatures vanquished.

Grand Total: 268 creatures vanquished

Notes
Turn   | Place    | Note
-------+----------+-------------------------------------------
     0 | D:1      | MisterFreud the Troll Hunter began the quest for the Orb.
     0 | D:1      | Reached XP level 1. HP: 19/19 MP: 0/0
    54 | D:1      | Found a shattered altar of Ashenzari.
    71 | D:1      | Reached skill level 1 in Unarmed Combat
   137 | D:1      | Reached XP level 2. HP: 26/27 MP: 1/1
   298 | D:1      | Reached skill level 2 in Unarmed Combat
  1100 | D:2      | Found a hazy altar of Hepliaklqana.
  1100 | D:2      | Noticed Sigmund
  1145 | D:2      | Reached XP level 3. HP: 32/33 MP: 2/2
  1162 | D:2      | Reached skill level 3 in Unarmed Combat
  1332 | D:3      | Found a snail-covered altar of Cheibriados.
  1529 | D:3      | Reached XP level 4. HP: 41/41 MP: 3/3
  1789 | D:4      | Reached skill level 4 in Unarmed Combat
  1906 | D:4      | Noticed Pikel
  1907 | D:4      | Noticed a slave
  1908 | D:4      | Noticed a slave
  1911 | D:4      | Noticed a slave
  1914 | D:5      | Entered Level 5 of the Dungeon
  1917 | D:5      | Reached XP level 5. HP: 40/48 MP: 4/4
  1966 | D:5      | Killed Pikel
  1966 | D:5      | Reached skill level 7 in Unarmed Combat
  1966 | D:5      | Reached XP level 6. HP: 21/55 MP: 5/5
  1966 | D:5      | Reached XP level 7. HP: 24/62 MP: 6/6
  2110 | D:5      | Noticed Eustachio
  2124 | D:5      | Killed Eustachio
  2124 | D:5      | Reached skill level 8 in Unarmed Combat
  2550 | D:4      | Killed Dowan
  2640 | D:4      | Noticed Duvessa
  2645 | D:4      | Killed Duvessa
  2659 | D:4      | Found Efucwaf's Weapon Shoppe.
  2800 | D:4      | Reached XP level 8. HP: 75/75 MP: 7/7
  3068 | D:2      | You fall into a shaft and drop 2 floors!
  3169 | D:2      | Killed Sigmund
  3250 | D:2      | Noticed Jessica
  3257 | D:2      | Killed Jessica
  3740 | D:6      | Reached skill level 5 in Fighting
  3740 | D:6      | Reached skill level 5 in Dodging
  3775 | D:6      | Found Vuqulyun's Antique Weapon Emporium.
  3873 | D:6      | Found a staircase to the Ecumenical Temple.
  3880 | Temple   | Entered the Ecumenical Temple
  3958 | Temple   | Became a worshipper of Ru the Awakened
  4115 | D:6      | Reached skill level 1 in Evocations
  4115 | D:6      | Reached XP level 9. HP: 88/88 MP: 8/8
  4349 | D:6      | Noticed a moth of wrath
  4352 | D:6      | Found a bloodstained altar of Trog.
  4796 | D:7      | Gained mutation: You are missing an eye, making it more
                  | difficult to aim. [Ru sacrifice]
  4796 | D:7      | Reached * piety under Ru
  4921 | D:7      | Reached skill level 5 in Throwing
  5385 | D:7      | Found a burning altar of Makhleb.
  5533 | D:8      | Noticed a two-headed ogre
  5541 | D:8      | Killed a two-headed ogre
  5876 | D:8      | Found a shadowy altar of Dithmenos.
  5891 | D:8      | Found a hide-covered altar of Uskayaw.
  5908 | D:8      | Found an ornate altar of the Wu Jian Council.
  5949 | D:8      | Found an iron altar of Okawaru.
  6080 | D:8      | Reached skill level 5 in Evocations
  6080 | D:8      | Reached XP level 10. HP: 90/96 MP: 12/12
  6361 | D:9      | HP: 3/96 [killer bee (9)]
  6366 | D:9      | HP: 4/144 [poisoned by a killer bee]
  6371 | D:9      | HP: 3/144 [poisoned by a killer bee]
  6377 | D:9      | HP: 5/144 [poisoned by a killer bee]
  6382 | D:9      | HP: 6/144 [poisoned by a killer bee]
  6954 | D:9      | HP: 4/98 [poisoned by a killer bee]
  7222 | D:9      | Found the +4 Cigotuvi's embrace {rRot *Drain rN+}
  7222 | D:9      | Gained mutation: You are somewhat unskilled. (-1 Apt) [Ru
                  | sacrifice]
  7222 | D:9      | Reached ** piety under Ru
  7474 | D:10     | Entered Level 10 of the Dungeon
  7502 | D:10     | Found a staircase to the Lair.
  7524 | D:10     | Noticed a two-headed ogre
  7855 | D:10     | Noticed an orc knight
  7866 | D:10     | HP: 4/96 [orc warrior/+0 trident (3)]
  7870 | D:10     | Found Pieroapn's Weapon Emporium.
  7870 | D:10     | Found a staircase to the Orcish Mines.
  7870 | D:10     | Found Fodielyb's Armour Emporium.
  7933 | D:10     | Slain by a two-headed ogre

Levels and vault maps discovered:
D:1:      lightli_arrival_flooded_house, layout_basic, ashenzari_altar_1
D:2:      layout_basic, lemuel_crystal_altar, minmay_fractal_squares_5,
          uniq_sigmund, uniq_jessica
D:3:      layout_rooms, cheibriados_altar_1, first_ration
D:4:      layout_loops_cross, serial_shops, shop, uniq_pikel, uniq_duvessa
D:5:      layout_basic, uniq_eustachio
D:6:      lemuel_ratsnest, layout_loops_ring, tgw_trog,
          minmay_temple_entry_proselytizer, serial_shops, shop,
          minmay_misc_feat_rows
D:7:      layout_basic, makhleb_grotto_becter
D:8:      layout_rooms, nicolae_overflow_quartered_altars
D:9:      layout_rooms, david_nohive_1
D:10:     layout_rooms, lair_entry_dummy, orc_david_3
Temple:   zaba_magenta_temple

Skill      XL: |  1  2  3  4  5  6  7  8  9 10 |
---------------+-------------------------------+-----
Unarmed Combat | 1 2 3 4 7 8 |  8.3
Fighting       | 3 5 |  5.5
Dodging        | 3 5 |  5.5
Throwing       | 4 6 6 |  6.7
Evocations     | 1 5 4 |  4.5
Stealth        | |  0.3

Action                   |  1- 3 |  4- 6 |  7- 9 | 10-12 || total
-------------------------+-------+-------+-------+-------++-------
Melee: Unarmed           |   184 |    41 |   473 |   283 ||   981
       Punch             |       |     1 |    15 |    10 ||    26
Throw: Large rock        |       |       |     3 |     1 ||     4
Invok: Sacrifice an Eye  |       |       |     1 |       ||     1
       Sacrifice Skill   |       |       |       |     1 ||     1
Evoke: Wand              |       |       |       |     7 ||     7
  Use: Scroll            |       |       |     9 |     4 ||    13
       Potion            |       |       |       |     8 ||     8
 Stab: Sleeping          |       |       |     1 |     1 ||     2
  Eat: Chunk             |    19 |     3 |    39 |    15 ||    76
Armor: Robe              |    95 |    11 |   149 |    93 ||   348
       Skin              |       |       |       |    47 ||    47
Dodge: Dodged            |   118 |    18 |   267 |   156 ||   559

Table legend:
 A = Non-vault XP
 B = Vault XP
 C = Vault XP percentage of total XP
 D = Non-vault monster count
 E = Vault monster count
 F = Vault count percentage of total count
                 A         B        C        D         E       F
            +---------+---------+-------+---------+---------+-------
      Total |    7006 |    2927 |  29.5 |     193 |      66 |  25.5
            +---------+---------+-------+---------+---------+-------
        D:1 |      65 |       4 |   5.8 |      29 |       2 |   6.5
        D:2 |      47 |     268 |  85.1 |      14 |       6 |  30.0
        D:3 |      48 |       0 |   0.0 |      23 |       0 |   0.0
        D:4 |     348 |      77 |  18.1 |      14 |       1 |   6.7
        D:5 |     235 |     873 |  78.8 |      12 |       2 |  14.3
        D:6 |    1057 |     197 |  15.7 |      27 |      36 |  57.1
        D:7 |     627 |      48 |   7.1 |      16 |       1 |   5.9
        D:8 |    2069 |       0 |   0.0 |      27 |       0 |   0.0
        D:9 |    1497 |    1331 |  47.1 |      24 |      17 |  41.5
       D:10 |    1013 |     129 |  11.3 |       7 |       1 |  12.5
            +---------+---------+-------+---------+---------+-------
